 Dungeon Sprint DCSS version 0.30.0-15-g856e2d3f33 (webtiles) character file.

Game seed: 16478126949581833839

35 fozzywoppz the Sneak (level 3, -1/17 HPs)
             Began as a Spriggan Enchanter on May 18, 2023.
             Slain by a water elemental (18 damage)
             ... in the Dungeon (Sprint III: "The Ten Rune Challenge").
             The game lasted 00:01:59 (150 turns).

fozzywoppz the Sneak (Spriggan Enchanter)            Turns: 150, Time: 00:01:59

Health: -1/17      AC:  3    Str:  4    XL:     3   Next: 17%
Magic:  10/10      EV: 19    Int: 16    God:
Gold:   37         SH:  0    Dex: 17    Spells: 9/11 levels left

rFire   . . .        a - +1 dagger
rCold   . . .        (no shield)
rNeg    . . .        b - +0 robe
rPois   .            (helmet restricted)
rElec   .            (no cloak)
rCorr   .            (gloves unavailable)
SInv    +            (boots unavailable)
Will    .....        (no amulet)
Stlth   ++           (no ring)
HPRegen 0.22/turn    (no ring)
MPRegen 0.12/turn

%: no teleportation
@: slow
A: very small, no large weapons, unfitting armour, see invisible, speed 3,
robust 1, shaggy fur 1
a: no special abilities


You were in the Dungeon.
You visited 1 branch You collected 37 gold pieces.

Inventory:

Hand Weapons
 a - a +1 dagger (weapon)
Armour
 b - a +0 robe (worn)
Scrolls
 h - a scroll of immolation {unknown}
 i - 2 scrolls of blinking
 l - a scroll of poison {unknown}
 m - 2 scrolls of identify
Potions
 c - 2 potions of invisibility
 d - a potion of curing
 e - a potion of heal wounds
 f - a potion of haste
 g - 2 potions of magic
 j - 3 potions of flight
 k - 3 potions of mutation


   Skills:
 - Level 1.1 Short Blades
 + Level 4.9 Dodging
 + Level 6.6 Stealth
 + Level 4.6 Spellcasting
 + Level 5.2 Hexes


You had 9 spell levels left.
You knew the following spells:

 Your Spells              Type           Power      Damage    Failure   Level
a - Ensorcelled Hibernat  Hex/Ice        24%        N/A       9%          2

Your spell library contained the following spells:

 Spells                   Type           Power      Damage    Failure   Level
 Confusing Touch          Hex            20%        N/A       5%          3
 Tukima's Dance           Hex            20%        N/A       5%          3
 Dazzling Flash           Conj/Hex       24%        N/A       16%         3


Dungeon Overview and Level Annotations

Branches:
Dungeon (1/1)

Altars:


Innate Abilities, Weirdness & Mutations

You are very small and have problems with some larger weapons.
You are too small for most types of armour.
You have supernaturally acute eyesight. (SInv)
You cover ground extremely quickly. (Speed+++)
You are robust. (+10% HP)
You are covered in fur. (AC +1)


Message History

You now have 19 gold pieces (gained 3).
You now have 37 gold pieces (gained 18).
You feel yourself speed up.
h - a scroll labelled TAXUIS MIVAGGA;
i - 2 scrolls of blinking (gained 1)
j - 2 potions of flight
Things that are here:
a potion of mutation; 2 potions of mutation
k - a potion of mutation;
k - 3 potions of mutation (gained 2)
k - 4 potions of mutation (gained 1);
l - a scroll labelled FODOME TIUMM
m - 2 scrolls of identify;
k - 5 potions of mutation (gained 1)
j - 3 potions of flight (gained 1)
There is an open door here.
Really quaff the potion of mutation?
You feel extremely strange.
You feel stupid.
You feel weaker.
You feel clumsy.
Really quaff the potion of mutation?
You feel extremely strange.
You feel clever.
You feel stronger.
You feel agile. Fur sprouts all over your body.
You feel robust.
Unknown command.
You recover from your berserk rage.
You enter the shallow water.
Moving in this stuff is going to be slow.
You open the door.
A water elemental comes into view.
Okay, then.
Casting: Ensorcelled Hibernation (safe; 9% risk of failure)
Confirm with . or Enter, or press ? or * to list all spells.
You can't see any susceptible monsters within range! (Use Z to cast anyway.)
You aren't carrying any items that you can evoke.
Okay, then.
Press: ? - help, v - describe, . - travel
Here: a water elemental The floor.
You enter the shallow water.
Moving in this stuff is going to be slow.
The water elemental misses you. The water elemental hits you!!
Ouch! That really hurt!
You die...

▓▓▓▓▓▓▓▓▓▓▓ ▓▓▓
▓<.#..'...♣♣♣ ♣.#
▓..#..#.....♣♣ ♣♣.#
▓#'####......♣ ♣..#
▓.....#....~.♣♣♣♣.###+#+#
▓.....#...~~♣♣.♣♣.#......
▓....[#..~~~~♣.♣..'.⌠....
▓####'#..~≈E@~~♣♣.#...###
▓...†.#.~~≈~~~....# ⌠.#
▓.....#.~≈~~~.....# .#
▓.....#.~~~.......# #
▓'#####...........#
▓.....†...........#
▓▓▓▓▓▓▓▓▓▓▓▓▓▓▓▓▓▓▓


You could see a water elemental.

Vanquished Creatures
  A human (D)
  A wolf (D)
  4 rats (D)
6 creatures vanquished.

Notes
Turn   | Place    | Note
-------+----------+-------------------------------------------
     0 | D        | fozzywoppz the Spriggan Enchanter began the quest for the
                  | Orb.
     0 | D        | Reached XP level 1. HP: 9/9 MP: 5/5
    57 | D        | Reached skill level 6 in Stealth
    57 | D        | Reached XP level 2. HP: 13/13 MP: 6/8
    63 | D        | Learned a level 2 spell: Ensorcelled Hibernation
    82 | D        | Reached skill level 5 in Hexes
    82 | D        | Reached XP level 3. HP: 16/16 MP: 10/10
    98 | D        | Gained mutation: You are dopey. (Int -2) [potion of
                  | mutation]
    98 | D        | Gained mutation: You are weak. (Str -2) [potion of
                  | mutation]
    98 | D        | Gained mutation: You are clumsy. (Dex -2) [potion of
                  | mutation]
    99 | D        | Lost mutation: You are dopey. (Int -2) [potion of mutation]
    99 | D        | Lost mutation: You are weak. (Str -2) [potion of mutation]
    99 | D        | Lost mutation: You are clumsy. (Dex -2) [potion of
                  | mutation]
    99 | D        | Gained mutation: You are covered in fur. (AC +1) [potion of
                  | mutation]
    99 | D        | Gained mutation: You are robust. (+10% HP) [potion of
                  | mutation]
   130 | D        | Noticed a water elemental
   150 | D        | Slain by a water elemental

Illustrated notes

Levels and vault maps discovered:
D:        dungeon_sprint_mu [sprint_mu_entry_forest, sprint_mu_temple_rooms,
          sprint_mu_d1_spiders, sprint_mu_d2_genie, sprint_mu_d3_branching,
          sprint_mu_orc_legion, sprint_mu_elf_gauntlet, sprint_mu_hive_nellie,
          sprint_mu_lair_fedhas, sprint_mu_vaults_butterflies,
          sprint_mu_slime_circle, sprint_mu_shoals_kraken,
          sprint_mu_snake_twists, sprint_mu_blade_basic,
          sprint_mu_crypt_chambers, sprint_mu_tomb_spiral,
          sprint_mu_vestibule_basic, sprint_mu_gehenna_hellfire,
          sprint_mu_dis_giant, sprint_mu_tartarus_statrot,
          sprint_mu_cocytus_islands, sprint_mu_zot1]

Skill      XL: |  1  2 |
---------------+-------+-----
Dodging        | 4 |  4.9
Spellcasting   | 4 |  4.6
Hexes          | 4 5 |  5.2
Stealth        | 6 |  6.6
Short Blades   | |  1.1

Action                     || total
---------------------------++-------
  Melee: Dagger            ||    19
    Use: Potion            ||     3
   Stab: Sleeping          ||     3
  Dodge: Dodged            ||     6
